 Dungeon Crawl Stone Soup version 0.28.0-45-g0d030f2227 (webtiles) character file.

Game seed: 13307153975153774115

4685 NinjaNoafa the Skirmisher (level 10, -5/73 (83) HPs)
             Began as a Purple Draconian Wanderer on Apr 11, 2022.
             Was a Believer of Vehumet.
             Slain by a wight
             ... wielding a +5 battleaxe of freezing
              (16 damage)
             ... on level 9 of the Dungeon.
             The game lasted 00:26:11 (9199 turns).

NinjaNoafa the Skirmisher (DrWn)                    Turns: 9199, Time: 00:26:12

HP:   -5/73 (83)    AC: 13    Str: 21    XL:     10   Next: 21%
MP:   18/18         EV: 14    Int: 11    God:    Vehumet [**....]
Gold: 394           SH:  0    Dex: 16    Spells: 15/20 levels left

rFire   x . .      SeeInvis .   a - +4 rapier (drain)
rCold   + . .      Faith    +   C - orb {mayhem}
rNeg    . . .      Spirit   .   (armour unavailable)
rPois   .          Reflect  .   (helmet restricted)
rElec   .          Harm     .   t - +2 cloak
rCorr   .          Rampage  .   k - +2 pair of gloves
Will    +....                   (no boots)
Stlth   +++.......              m - amulet of faith
HPRegen 0.22/turn               o - ring "Ginupt" {Ice Dex+6}
MPRegen 0.16/turn               (no ring)

@: about to teleport, heavily drained
A: breathe power, AC +7, unfitting armour, cold-blooded
a: Breathe Dispelling Energy, Renounce Religion


You were on level 9 of the Dungeon.
You worshipped Vehumet.
Vehumet was pleased with you.
You visited 1 branch of the dungeon, and saw 9 of its levels.
You also visited: Sewer.

You collected 394 gold pieces.

Inventory:

Hand Weapons
 a - a +4 rapier of draining (weapon)
 b - a +1 vorpal hunting sling
 c - a +0 hand crossbow
 f - a +0 dagger
 i - a +0 longbow
 j - a +0 flail of protection
 r - a +1 short sword of electrocution
 w - a +0 vorpal shortbow
 A - a +3 hand axe of electrocution
 E - a +2 whip of draining
Missiles
 d - 15 bolts
 e - 10 boomerangs
 h - 13 poisoned darts (quivered)
 l - 199 arrows
 y - a throwing net
Armour
 k - a +2 pair of gloves (worn)
 t - a +2 cloak (worn)
 C - an orb of mayhem (worn)
Jewellery
 m - an amulet of faith (around neck)
 o - the ring "Ginupt" (left hand) {Ice Dex+6}
   (You acquired it on level 5 of the Dungeon)

   [ring of ice]

   It enhances your ice magic.
   Dex:       It affects your dexterity (+6).
   rF:        It makes you vulnerable to fire.
   rC:        It protects you from cold.
Wands
 n - a wand of acid (9)
Scrolls
 g - a scroll of vulnerability
 p - 4 scrolls of enchant armour
 u - a scroll of teleportation
 x - a scroll of identify
 z - 2 scrolls of fear
Potions
 q - a potion of attraction
 v - a potion of flight


   Skills:
 - Level 6.0 Fighting
 - Level 3.0 Short Blades
 - Level 3.6 Maces & Flails
 - Level 4.2 Bows
 - Level 1.0 Crossbows
 - Level 3.6 Throwing
 - Level 5.0 Dodging
 - Level 5.0 Stealth
 + Level 5.5 Spellcasting
 + Level 4.2 Conjurations
 + Level 5.0 Transmutations
 + Level 4.1 Fire Magic
 * Level 2.3 Evocations


You had 15 spell levels left.
You knew the following spells:

 Your Spells              Type           Power      Damage    Failure   Level
a - Foxfire               Conj/Fire      48%        2x1d6     3%          1
b - Wereblood             Tmut           14%        N/A       4%          2
c - Scorch                Fire           24%        2d6       5%          2

Your spell library contained the following spells:

 Spells                   Type           Power      Damage    Failure   Level
 Animate Skeleton         Necr           6%         N/A       21%         1
 Pain                     Necr           12%        1d4       21%         1
 Sublimation of Blood     Necr           3%         N/A       30%         2
 Vampiric Draining        Necr           3%         2d6       52%         3
 Dispersal                Tloc           1%         N/A       100%        6
 Summon Hydra             Summ           1%         N/A       100%        7
 Disjunction              Tloc           1%         N/A       100%        8


Dungeon Overview and Level Annotations

Branches:
Dungeon (9/15)             Temple (0/1) D:6           Sewer (visited)
   Lair: D:8-11         Orc: D:9-12

Altars:
Vehumet
Beogh


Innate Abilities, Weirdness & Mutations

You can breathe bolts of dispelling energy.
Your rich purple scales are hard. (AC +7)
You cannot fit into any form of body armour.
You are cold-blooded and may be slowed by cold attacks.


Message History

The wight is moderately damaged.
You feel sick. The wight hits you with a +2 falchion.
You feel drained.
You feel sick.
You barely miss the wight.
The wight is heavily damaged.
You feel sick. The wight barely misses you.
The wight hits you with a +3 hand axe of venom.
You feel drained.
You are more poisoned.
You closely miss the wight.
You tail-slap the wight, but do no damage.
The wight is heavily damaged.
You feel very sick. The wight misses you.
The wight hits you with a +5 battleaxe of freezing!
The wight freezes you. The wight hits you but does no damage.
You can't see any enemies this would affect, really read the scroll of fear?
Okay, then.
As you read the scroll of teleportation, it crumbles to dust.
You feel strangely unstable.
You feel very sick. The wight hits you with a +2 falchion.
* * * LOW HITPOINT WARNING * * *
The wight hits you with a +5 battleaxe of freezing!
* * * LOW HITPOINT WARNING * * *
You feel drained.
* * * LOW HITPOINT WARNING * * *
The wight freezes you.
* * * LOW HITPOINT WARNING * * *
The wight closely misses you.
You feel better. The wight hits you but does no damage.
The wight barely misses you.
The wight hits you with a +3 hand axe of venom!
* * * LOW HITPOINT WARNING * * *
You feel drained.
* * * LOW HITPOINT WARNING * * *
You are lethally poisoned!
You feel better. The wight hits you but does no damage.
The wight hits you with a +5 battleaxe of freezing!
You die... .(##. ss#

(..###### #.......
##....... ####. ((......#
...... ........# ......
c..(...z###########......
.......z@.......<........
.(......z................
........#####............
........# #............
........# #............
........# #........####
##......# #........#
#......# #........#
#........#


You could see 2 redbacks and 3 wights.

Vanquished Creatures
  A komodo dragon (D:7)
  A wraith (D:7)
  3 steam dragons
  2 water moccasins (D:7)
  2 ice beasts
  A necrophage (D:7)
  5 black bears
  A sky beast (D:4)
  An ogre (D:6)
  2 centaurs
  3 phantoms
  A gnoll sergeant (D:6)
  2 bullfrogs
  4 scorpions
  A water moccasin zombie (D:6)
  A water moccasin skeleton (D:4)
  4 killer bees (D:8)
  A bullfrog zombie (D:6)
  2 hounds
  A centaur zombie (D:6)
  4 jellies
  2 bullfrog skeletons
  6 orc priests
  A centaur skeleton (D:7)
  5 iguanas
  A gnoll shaman (D:8)
  Natasha (thrice) (D:3)
  3 orc wizards
  A scorpion zombie (D:3)
  Robin (D:4)
  9 gnolls
  A howler monkey skeleton (D:6)
  2 howler monkey zombies (D:8)
  13 adders
  A river rat (Sewer)
  3 shadow imps
  2 white imps
  2 ufetubi
  An adder skeleton (D:4)
  A worm (D:3)
  6 dart slugs
  29 orcs
  4 bats
  6 endoplasms
  2 giant cockroaches
  10 hobgoblins
  10 kobolds
  A quokka (D:3)
  6 ball pythons
  15 frilled lizards
  8 goblins
  14 rats
212 creatures vanquished.

Vanquished Creatures (collateral kills)
  A troll (D:7)
  A wyvern (D:8)
  A jelly (D:6)
  3 gnolls
  3 orcs
9 creatures vanquished.

Vanquished Creatures (others)
  18 foxfires
18 creatures vanquished.

Grand Total: 239 creatures vanquished

Notes
Turn   | Place    | Note
-------+----------+-------------------------------------------
     0 | D:1      | NinjaNoafa the Draconian Wanderer began the quest for the
                  | Orb.
     0 | D:1      | NinjaNoafa set off with the following items: a +0 vorpal
                  | shortbow, 24 arrows, a +0 hand crossbow, 25 bolts, 6
                  | boomerangs, a +0 dagger
     0 | D:1      | Reached XP level 1. HP: 16/16 MP: 1/1
   113 | D:1      | Reached XP level 2. HP: 23/23 MP: 2/2
   669 | D:2      | Reached skill level 1 in Dodging
   669 | D:2      | Reached XP level 3. HP: 28/28 MP: 3/3
   729 | D:2      | Found a faded altar of an unknown god.
  1012 | D:2      | Reached XP level 4. HP: 32/35 MP: 4/4
  1515 | D:3      | Reached XP level 5. HP: 30/40 MP: 5/5
  1617 | D:3      | Found a glowing drain.
  1631 | Sewer    | Entered a sewer
  1992 | Sewer    | Reached skill level 1 in Maces & Flails
  2176 | D:3      | Reached skill level 2 in Fighting
  2572 | D:3      | Noticed Natasha
  2581 | D:3      | Killed Natasha
  2582 | D:3      | Reached XP level 6. HP: 34/48 MP: 6/6
  2643 | D:3      | Noticed Natasha
  2644 | D:3      | Killed Natasha
  2856 | D:3      | Noticed Natasha
  2863 | D:3      | Killed Natasha
  3061 | D:4      | Reached skill level 3 in Fighting
  3061 | D:4      | Your scales start taking on a rich purple colour.
  3061 | D:4      | Reached XP level 7. HP: 57/57 MP: 7/7
  3065 | D:4      | Noticed a steam dragon
  3077 | D:4      | Killed a steam dragon
  3410 | D:4      | Reached skill level 4 in Fighting
  3447 | D:4      | Found a radiant altar of Vehumet.
  3477 | D:4      | Became a worshipper of Vehumet
  3759 | D:4      | Reached skill level 1 in Spellcasting
  3759 | D:4      | Reached skill level 1 in Transmutations
  3759 | D:4      | Reached XP level 8. HP: 57/67 MP: 7/9
  3844 | D:4      | Noticed Robin
  3852 | D:4      | Killed Robin
  4311 | D:5      | Entered Level 5 of the Dungeon
  4327 | D:5      | Reached skill level 5 in Fighting
  4372 | D:5      | Identified a scroll of acquirement
  4372 | D:5      | Acquired the ring "Ginupt" {Ice Dex+6}
  4660 | D:5      | Reached skill level 1 in Short Blades
  4963 | D:5      | Reached skill level 5 in Stealth
  4964 | D:5      | Reached * piety under Vehumet
  4964 | D:5      | Offered knowledge of Foxfire by Vehumet.
  5483 | D:6      | Reached skill level 1 in Fire Magic
  5483 | D:6      | Reached XP level 9. HP: 64/74 MP: 13/13
  5528 | D:6      | Found a staircase to the Ecumenical Temple.
  5625 | D:6      | Reached skill level 5 in Dodging
  5625 | D:6      | Reached skill level 1 in Conjurations
  6595 | D:7      | Learned a level 1 spell: Foxfire
  6727 | D:7      | Noticed a troll
  6750 | D:7      | Killed a troll
  6878 | D:7      | Offered knowledge of Scorch by Vehumet.
  6933 | D:7      | Learned a level 2 spell: Wereblood
  6936 | D:7      | Learned a level 2 spell: Scorch
  6946 | D:7      | Noticed a komodo dragon
  7295 | D:7      | Reached ** piety under Vehumet
  7546 | D:7      | Reached skill level 5 in Spellcasting
  7772 | D:7      | Killed a komodo dragon
  7773 | D:7      | Reached skill level 1 in Evocations
  7773 | D:7      | Reached XP level 10. HP: 50/83 MP: 17/17
  8498 | D:8      | Reached skill level 6 in Fighting
  8872 | D:8      | Reached skill level 5 in Transmutations
  9197 | D:9      | HP: 3/75 [wight/+5 battleaxe of freezing (1)]
  9199 | D:9      | Slain by a wight

Illustrated notes

Levels and vault maps discovered:
D:1:      matt_arrival_debris, layout_basic, lemuel_another_geyser
D:2:      layout_rooms, hellmonk_ecumenical_altar_defaced_shrine,
          kennysheep_generic_room_16
D:3:      layout_rooms, portal_sewer_entry_d, kennysheep_generic_room_3,
          uniq_natasha
D:4:      layout_gridville, mainiacjoe_overflow_concentric_impassable,
          uniq_robin
D:5:      layout_rooms
D:6:      layout_basic, minmay_temple_entry_junction, hangedman_decor_opposing
D:7:      minmay_chambers_of_sevens, layout_basic
D:8:      layout_cave_pools, minmay_misc_feat_nine_boxes
D:9:      layout_irregular_city, minmay_guarded_unrand_staff_of_olgreb

Skill      XL: |  1  2  3  4  5  6  7  8  9 10 |
---------------+-------------------------------+-----
Bows           | 3 4 |  4.2
Dodging        | 1 2 3 4 5 |  5.0
Stealth        | 2 3 4 5 |  5.0
Maces & Flails | 1 2 3 |  3.6
Fighting       | 2 3 4 5 6 |  6.0
Spellcasting   | 1 2 5 |  5.5
Transmutations | 1 2 4 5 |  5.0
Short Blades   | 3 |  3.0
Fire Magic     | 1 3 4 |  4.1
Conjurations   | 3 4 |  4.2
Evocations     | 1 2 |  2.3
Crossbows      | |  1.0
Throwing       | |  3.6

Action                   |  1- 3 |  4- 6 |  7- 9 | 10-12 || total
-------------------------+-------+-------+-------+-------++-------
Melee: Whip              |       |   102 |    71 |       ||   173
       Tailslap          |       |    11 |    44 |     9 ||    64
       Punch             |       |     1 |     4 |       ||     5
       Rapier            |       |       |   231 |    44 ||   275
       Hand axe          |       |       |     3 |       ||     3
 Fire: Shortbow          |    93 |    62 |       |       ||   155
       Longbow           |       |    13 |       |       ||    13
       Hand crossbow     |       |       |    57 |       ||    57
Throw: Boomerang         |       |    10 |     2 |       ||    12
       Dart              |       |       |    10 |    10 ||    20
 Cast: Foxfire           |       |       |    10 |     5 ||    15
       Scorch            |       |       |     2 |     7 ||     9
       Wereblood         |       |       |     2 |     1 ||     3
 Abil: Breathe Dispellin |       |       |     4 |     1 ||     5
Evoke: Wand              |       |       |     3 |       ||     3
  Use: Scroll            |       |     3 |    13 |     1 ||    17
       Potion            |       |     6 |     6 |     2 ||    14
 Stab: Sleeping          |       |     2 |     1 |       ||     3
Armor: Skin              |    10 |    64 |   233 |    28 ||   335
Dodge: Dodged            |    11 |   101 |   317 |    66 ||   495
